 Dungeon Crawl Stone Soup version 0.20-a0-1058-g0491fde (webtiles) character file.

74 Gorglomux the Chopper (level 4, -1/58 HPs)
             Began as a Hill Orc Monk on Apr 26, 2017.
             Was a Believer of Trog.
             Slain by Shinoi's ghost (19 damage)
             ... on level 3 of the Dungeon.
             The game lasted 00:03:23 (1299 turns).

Gorglomux the Chopper (Hill Orc Monk)               Turns: 1299, Time: 00:03:24

Health: -1/58      AC:  5    Str: 19    XL:     4   Next: 30%
Magic:  0/4        EV: 11    Int: 10    God:    Trog [**....]
Gold:   86         SH:  0    Dex: 13    Spells: 3/3 levels left

rFire    + . .     SeeInvis .   a - +0 hand axe
rCold    . . .     Gourm    .   (no shield)
rNeg     . . .     Faith    .   l - +0 ring mail
rPois    .         Spirit   +   (no helmet)
rElec    .         Reflect  .   (no cloak)
rCorr    .         Harm     .   (no gloves)
MR       .....                  (no boots)
Stlth    ..........             h - amulet of guardian spirit {Spirit}
Regen    0.2/turn               p - ring of protection from fire {rF+, !d}
MPRegen  0.1/turn               (no ring)

@: berserking, very quick
A: no striking features
a: Berserk, Trog's Hand, Burn Spellbooks, Renounce Religion


You were on level 3 of the Dungeon.
You worshipped Trog.
Trog was pleased with you.
You were very hungry.

You visited 1 branch of the dungeon, and saw 3 of its levels.

You collected 86 gold pieces.

Inventory:

Hand Weapons
 a - a +0 hand axe (weapon)
Armour
 b - a +0 robe
 l - a +0 ring mail (worn)
   (You found it on level 1 of the Dungeon)
Jewellery
 h - an amulet of guardian spirit (around neck) {Spirit}
   (You found it on level 1 of the Dungeon)
 p - a ring of protection from fire (left hand) {rF+, !d}
   (You found it on level 2 of the Dungeon)
 s - a +1 ring of protection {unknown}
   (You found it on level 2 of the Dungeon)
Scrolls
 e - 2 scrolls of enchant weapon {unknown}
 f - a scroll of remove curse {unknown}
 g - 3 scrolls of identify {unknown}
 i - a scroll of teleportation {unknown}
 q - a scroll of enchant armour {unknown}
 u - a scroll of fear {unknown}
 w - 2 scrolls of magic mapping {unknown}
Potions
 j - a potion of experience {unknown}
 m - a potion of mutation {unknown}
 o - a potion of might {unknown}
 r - 2 potions of haste {unknown}
 t - a potion of magic {unknown}
 v - 2 potions of brilliance {unknown}
Comestibles
 c - 3 bread rations {@e1@e1}
 d - 2 fruits
 k - 5 chunks of flesh {@w0@w0}
 n - a royal jelly


   Skills:
 - Level 3.6 Fighting
 + Level 6.6 Axes
 - Level 2.4 Dodging
 - Level 1.5 Stealth


You had 3 spell levels left.
You didn't know any spells.

Dungeon Overview and Level Annotations

Branches:
Dungeon (3/15)

Altars:
Trog

Annotations:
D:3 Shinoi's ghost, amateur DECj


Message History

The giant cockroach bites you but does no damage.
You completely miss the giant cockroach.
You closely miss the giant cockroach. You hit the hobgoblin.
The hobgoblin hits you but does no damage.
The giant cockroach barely misses you. The giant cockroach closely misses you.
There are monsters nearby!
There are monsters nearby!
There are monsters nearby!
You hit the hobgoblin but do no damage.
You hit the giant cockroach but do no damage.
You hit the giant cockroach. The bat hits you but does no damage.
The hobgoblin misses you. The giant cockroach closely misses you.
The giant cockroach bites you but does no damage.
You closely miss the hobgoblin. You hit the giant cockroach.
You barely miss the giant cockroach. The bat hits you but does no damage.
The giant cockroach bites you but does no damage.
The giant cockroach closely misses you. The hobgoblin closely misses you.
You hit the hobgoblin but do no damage. You hit the giant cockroach.
You kill the giant cockroach!
Trog accepts your kill.
You hit the giant cockroach but do no damage.
The bat misses you.
The giant cockroach bites you but does no damage.
The hobgoblin barely misses you.
You barely miss the hobgoblin. You hit the giant cockroach. The bat misses you.
The giant cockroach closely misses you. The hobgoblin hits you.
The giant cockroach misses you.
You take 3 damage, and have 36/39 hp.
There are monsters nearby!
There are monsters nearby!
There are monsters nearby!
You barely miss the giant cockroach. You hit the hobgoblin.
You kill the hobgoblin!
Trog accepts your kill.
The bat closely misses you. x2; The giant cockroach closely misses you.
You barely miss the giant cockroach. You closely miss the bat.
The bat hits you but does no damage. The giant cockroach barely misses you.
You hit the giant cockroach.
You kill the giant cockroach!
Trog accepts your kill. The bat closely misses you. The bat barely misses you.
The bat hits you but does no damage.
A bat is nearby!
A bat is nearby!
A bat is nearby!
You barely miss the bat. The bat hits you but does no damage.
The bat barely misses you. The bat hits you. The bat misses you.
You hit the bat.
You kill the bat!
Trog accepts your kill.
No target in view!
You take 1 damage, and have 35/39 hp.
Things that are here:
a bat corpse; a giant cockroach corpse You butcher the bat corpse.
k - 4 chunks of flesh {@w0@w0} (gained 1)
You see here a giant cockroach corpse.
You butcher the giant cockroach corpse.
k - 5 chunks of flesh {@w0@w0} (gained 1)
There isn't anything here!
You now have 86 gold pieces (gained 11).
Shinoi's ghost (amateur Deep Elf Conjurer) comes into view.
It is wielding a weapon of electrocution.
Shinoi's ghost is nearby!
Shinoi's ghost is nearby!
Shinoi's ghost turns its malevolent gaze towards you.
You enter the shallow water.
Moving in this stuff is going to be slow.
Shinoi's ghost gestures at you while chanting.
The magic dart hits you!
You hit Shinoi's ghost. Shinoi's ghost misses you.
You take 3 damage, and have 33/39 hp.
You now have 3/4 mp.
Shinoi's ghost gestures at you while chanting.
The magic dart hits you!
You take 1 damage, and have 32/39 hp.
Okay, then.
A quokka comes into view.
The quokka moves out of view.
Shinoi's ghost casts a spell at you. The magic dart hits you!
You take 6 damage, and have 26/39 hp.
Shinoi's ghost points at you and mumbles some strange words.
The magic dart hits you!
You take 4 damage, and have 22/39 hp.
You now have 2/4 mp.
A red film seems to cover your vision as you go berserk!
You feel yourself moving faster!
You feel mighty!
You are feeling very hungry.
Shinoi's ghost casts a spell at you. The magic dart hits you!
You now have 26/58 hp.
You hit Shinoi's ghost. You slash Shinoi's ghost! You slash the quokka!
You kill the quokka!
Trog accepts your kill.
Shinoi's ghost points at you and mumbles some strange words.
The magic dart hits you!
You take 5 damage, and have 21/58 hp.
You now have 1/4 mp.
You miss Shinoi's ghost. You hit Shinoi's ghost. Shinoi's ghost hits you.
You are electrocuted!
You die...

.... ..... ######
#....# ##≈≈≈≈##
#....###≈≈≈≈≈≈###.#
#.......≈≈........#
#......≈W.........#
#.....≈.@..≈≈.....#
#.....≈..≈≈..≈$..!#
#......≈≈....≈....#
#..<).....⌠≈≈......
###........≈≈⌠.......
#.........≈....≈≈....
#.###.....≈..≈≈..≈...
# ........≈≈....≈.
#............≈≈


You could see Shinoi's ghost.

Vanquished Creatures
  An adder (D:2)
  3 oozes (D:1)
  A dart slug (D:1)
  2 leopard geckos
  2 ball pythons (D:2)
  3 giant cockroaches
  4 goblins
  6 hobgoblins
  3 jackals (D:2)
  2 quokkas
  5 bats
  4 frilled lizards
  6 kobolds (D:1)
  3 rats
45 creatures vanquished.

Notes
Turn   | Place    | Note
-------+----------+-------------------------------------------
     0 | D:1      | Gorglomux the Hill Orc Monk began the quest for the Orb.
     0 | D:1      | Reached XP level 1. HP: 19/19 MP: 1/1
    19 | D:1      | Reached XP level 2. HP: 16/26 MP: 2/2
   212 | D:1      | Reached skill level 5 in Axes
   490 | D:1      | Reached XP level 3. HP: 31/31 MP: 3/3
   815 | D:2      | Reached skill level 6 in Axes
   825 | D:2      | Found a bloodstained altar of Trog.
   841 | D:2      | Became a worshipper of Trog the Wrathful
   841 | D:2      | Reached * piety under Trog
   841 | D:2      | Reached ** piety under Trog
  1009 | D:2      | Reached XP level 4. HP: 35/39 MP: 4/4
  1288 | D:3      | Noticed Shinoi's ghost (amateur DECj)
  1299 | D:3      | Slain by Shinoi's ghost

Vault maps used:
D:1:      roderic_dead_forest
D:2:      bloody_trog, first_bread
D:3:      cheibrodos_helix_gallery, lemuel_round_altar,
          lemuel_coloured_pillars_altar, old_standard_altar

Skill      XL: |  1  2  3 |
---------------+----------+-----
Axes           | 5 6 |  6.6
Fighting       | |  3.6
Dodging        | |  2.4
Stealth        | |  1.5

Action                   |  1- 3 |  4- 6 || total
-------------------------+-------+-------++-------
Melee: Hand axe          |   100 |    51 ||   151
Invok: Berserk           |       |     1 ||     1
 Stab: Sleeping          |     1 |       ||     1
  Eat: Chunk             |       |     1 ||     1
Armor: Robe              |    10 |       ||    10
       Ring mail         |    20 |    24 ||    44
Dodge: Dodged            |    71 |    35 ||   106

Vault maps used:
D:1:      roderic_dead_forest
D:2:      bloody_trog, first_bread
D:3:      cheibrodos_helix_gallery, lemuel_round_altar,
          lemuel_coloured_pillars_altar, old_standard_altar

Table legend:
 A = Turns spent in this place as a percentage of turns spent in the entire game.
 B = Non-inter-level travel turns spent in this place as a percentage of non-inter-level travel turns spent in the entire game.
 C = Inter-level travel turns spent in this place as a percentage of turns spent in this place.
 D = Turns resting spent in this place as a percentage of non-inter-level travel turns spent in this place.
 E = Turns spent auto-exploring this place as a percentage of non-inter-level travel turns spent in this place.
 F = Non-inter-level travel turns spent in this place divided by the number of levels of this place that you've seen.
                   A       B       C       D       E      F
               +-------+-------+-------+-------+-------+----------------------
         Total | 100.0 | 100.0 |   0.5 |   0.7 |  10.1 | 184.7
       Dungeon | 100.0 | 100.0 |   0.5 |   0.7 |  10.1 | 184.7
               +-------+-------+-------+-------+-------+----------------------

Table legend:
 A = Kills in this place as a percentage of kills in entire the game.
 B = Kills by you in this place as a percentage of kills by you in the entire game.
 C = Kills by friends in this place as a percentage of kills by friends in the entire game.
 D = Other kills in this place as a percentage of other kills in the entire game.
 E = Experience gained in this place as a percentage of experience gained in the entire game.
 F = Experience gained in this place divided by the number of levels of this place that you have seen.
                   A       B       C       D       E      F
               +-------+-------+-------+-------+-------+----------------------
         Total | 100.0 | 100.0 |  -nan |  -nan | 100.0 |  35.7
       Dungeon | 100.0 | 100.0 |  -nan |  -nan | 100.0 |  35.7
               +-------+-------+-------+-------+-------+----------------------
